 Dungeon Crawl Stone Soup version 0.29.1-2-gbd0b4ee654 (webtiles) character file.

Game seed: 446795575406396472

62 MisterFreud the Twirler (level 4, -2/33 HPs)
             Began as a Formicid Gladiator on Oct 23, 2022.
             Slain by Grinder (5 damage)
             ... on level 3 of the Dungeon.
             The game lasted 00:02:02 (2145 turns).

MisterFreud the Twirler (Formicid Gladiator)        Turns: 2145, Time: 00:02:02

Health: -2/33      AC:  5    Str: 17 (20) XL:     4   Next: 28%
Magic:  4/4        EV: 12    Int:  6 (8)  God:
Gold:   113        SH:  0    Dex: 13 (15) Spells: 3/3 levels left

rFire   + . .      SeeInvis +   a - +0 quarterstaff
rCold   + . .      Faith    .   (no shield)
rNeg    . . .      Spirit   .   b - +1 leather armour
rPois   +          Reflect  .   (helmet unavailable)
rElec   +          Harm     .   (no cloak)
rCorr   +          Rampage  .   (no gloves)
Will    .....                   m - +0 pair of boots
Stlth   +.........              (no amulet)
HPRegen 0.11/turn               (no ring)
MPRegen 0.09/turn               (no ring)

@: resistant
A: permanent stasis, dig shafts and tunnels, antennae 3, four strong arms
a: Dig, Shaft Self


You were on level 3 of the Dungeon.
You visited 1 branch of the dungeon, and saw 3 of its levels.

You collected 113 gold pieces.

Inventory:

Hand Weapons
 a - a +0 quarterstaff (weapon)
Missiles
 c - 3 throwing nets (quivered)
 d - a javelin
 e - 6 poisoned darts
Armour
 b - a +1 leather armour (worn)
 m - a +0 pair of boots (worn)
Jewellery
 g - an amulet of regeneration
 h - a +6 ring of intelligence
Scrolls
 i - a scroll of fear
 k - 2 scrolls of identify


   Skills:
 - Level 2.1 Fighting
 + Level 4.8 Staves
 - Level 2.0 Throwing
 - Level 2.6 Dodging


You had 3 spell levels left.
You didn't know any spells.
Your spell library contained the following spells:

 Spells                   Type           Power      Damage    Failure   Level
 Magic Dart               Conj           0%         1d3       52%         1
 Call Imp                 Summ           0%         N/A       67%         2
 Mephitic Cloud           Conj/Pois/Air  0%         N/A       88%         3


Dungeon Overview and Level Annotations

Branches:
Dungeon (3/15)

Altars:

Annotations:
D:3 Grinder


Innate Abilities, Weirdness & Mutations

You cannot be hasted, slowed, berserked, paralysed or teleported.
You can dig through walls and to a lower floor.
You have a pair of large antennae on your head. (SInv)
Your four strong arms can wield two-handed weapons with a shield.


Message History

Grinder hits you but does no damage.
You sock Grinder!
Grinder is heavily wounded.
Grinder barely misses you.
You barely miss Grinder.
Grinder is heavily wounded.
Grinder closely misses you.
You thump Grinder!
Grinder is severely wounded.
Grinder blinks!
You can't go down here!
You aren't carrying any items that you can evoke.
Unknown command.
You hit Grinder but do no damage.
Grinder is severely wounded.
Grinder gestures at you.
You barely resist. You closely miss Grinder.
Grinder is severely wounded.
Grinder gestures at you. Pain shoots through your body!
You hit Grinder but do no damage.
Grinder is severely wounded.
Grinder gestures at you. You resist with significant effort.
You hit Grinder.
Grinder is severely wounded.
Grinder barely misses you.
You closely miss Grinder.
Grinder is severely wounded.
Grinder hits you!
* * * LOW HITPOINT WARNING * * *
You writhe in agony.
* * * LOW HITPOINT WARNING * * *
Unknown command.
It was a potion of degeneration.
There was something very wrong with that liquid.
You feel weakened.
You feel dopey.
You feel clumsy. Grinder hits you.
You die...

#.#.#...........####.#
.# # #.##..)..#...####
#... ..
#.###>#.##.....# #.#.#
. #.# #.#. ##.##.#
#.#... ... .# #....#
#J# #.# #. ## ###..#
#.# .# ## #..## .# #
#...# #.@.# #...5...#
...............
####......###+#
###...## #...# ##.##
#..


You could see Grinder.

Vanquished Creatures
  2 adders (D:2)
  A worm (D:2)
  2 dart slugs (D:1)
  4 ball pythons
  4 bats
  5 endoplasms
  2 giant cockroaches (D:1)
  4 goblins
  2 hobgoblins (D:1)
  A quokka (D:1)
  A frilled lizard (D:2)
  5 kobolds
  2 rats
35 creatures vanquished.

Notes
Turn   | Place    | Note
-------+----------+-------------------------------------------
     0 | D:1      | MisterFreud the Formicid Gladiator began the quest for the
                  | Orb.
     0 | D:1      | Reached XP level 1. HP: 16/16 MP: 1/1
   231 | D:1      | Reached XP level 2. HP: 22/22 MP: 2/2
   756 | D:1      | Reached skill level 4 in Staves
   756 | D:1      | Reached XP level 3. HP: 27/27 MP: 3/3
  1728 | D:2      | Reached XP level 4. HP: 32/33 MP: 4/4
  2121 | D:3      | Noticed Grinder
  2145 | D:3      | Slain by Grinder

Illustrated notes

Levels and vault maps discovered:
D:1:      grunt_arrival_lava_bath, layout_basic
D:2:      layout_loops_ring
D:3:      layout_loops_ring, nicolae_vehumet_altar_sigil,
          mainiacjoe_overflow_concentric_impassable, grunt_ashenzari_visionary
          [grunt_ashenzari_visionary_swamp, grunt_ashenzari_visionary_snake],
          mainiacjoe_overflow_cross_hatched, uniq_grinder

Skill      XL: |  1  2 |
---------------+-------+-----
Staves         | 4 |  4.8
Fighting       | |  2.1
Throwing       | |  2.0
Dodging        | |  2.6

Action                   |  1- 3 |  4- 6 || total
-------------------------+-------+-------++-------
Melee: Quarterstaff      |    84 |    23 ||   107
  Use: Scroll            |     4 |     2 ||     6
       Potion            |       |     3 ||     3
 Stab: Sleeping          |     1 |       ||     1
Armor: Leather armour    |    19 |    13 ||    32
Dodge: Dodged            |    41 |    25 ||    66
